 Dungeon Crawl Stone Soup version 0.21-a0-401-g0b6bec4 (webtiles) character file.

53 riteheju the Sneak (level 3, -7/18 HPs)
             Began as a Spriggan Assassin on Oct 25, 2017.
             Killed from afar by Natasha (9 damage)
             ... with a magic dart
             ... on level 2 of the Dungeon.
             The game lasted 00:06:37 (1624 turns).

riteheju the Sneak (Spriggan Assassin)              Turns: 1624, Time: 00:06:38

Health: -7/18      AC:  3    Str:  7    XL:     3   Next: 64%
Magic:  0/4        EV: 18    Int: 12    God:
Gold:   78         SH:  0    Dex: 18    Spells: 2/2 levels left

rFire    . . .     SeeInvis +   b - +0 blowgun
rCold    + . .     Gourm    .   (shield restricted)
rNeg     . . .     Faith    .   c - +0 robe
rPois    .         Spirit   +   (helmet restricted)
rElec    .         Reflect  .   d - +0 cloak
rCorr    .         Harm     .   (gloves unavailable)
MR       .....                  (boots unavailable)
Stlth    ++++......             k - amulet of guardian spirit
HPRegen  0.06/turn              o - ring of protection from cold
MPRegen  0.09/turn              (no ring)

@: very quick
A: unfitting armour, see invisible, herbivore 3, speed 3, slow metabolism 2
a: no special abilities


You were on level 2 of the Dungeon.
You were not hungry.

You visited 1 branch of the dungeon, and saw 2 of its levels.

You collected 78 gold pieces.

Inventory:

Hand Weapons
 a - a +2 dagger
 b - a +0 blowgun (weapon)
Missiles
 e - 7 poisoned needles (quivered)
 f - 2 curare-tipped needles
 i - 26 arrows
 l - 28 bolts
 m - 25 sling bullets
 p - 2 stones
Armour
 c - a +0 robe (worn)
 d - a +0 cloak (worn)
Jewellery
 k - an amulet of guardian spirit (around neck)
 o - a ring of protection from cold (left hand)
 r - an uncursed amulet of guardian spirit
Scrolls
 q - a scroll of remove curse {unknown}
 s - a scroll of immolation {unknown}
Potions
 j - 3 potions of heal wounds {unknown}
 n - 3 potions of curing {unknown}
Comestibles
 g - 2 bread rations
 h - 2 royal jellies


   Skills:
 - Level 1.5 Fighting
 + Level 2.5 Short Blades
 - Level 2.0 Throwing
 * Level 2.9 Dodging
 + Level 7.3 Stealth


You had 2 spell levels left.
You didn't know any spells.

Dungeon Overview and Level Annotations

Branches:
Dungeon (2/15)

Altars:
Zin

Annotations:
D:2 Natasha, Robin


Innate Abilities, Weirdness & Mutations

You are very small and have problems with some larger weapons.
You are too small for most types of armour.
You have supernaturally acute eyesight. (SInv)
You are a herbivore.
You cover ground extremely quickly.
You need consume almost no food.


Message History

Press: ? - help, Shift-Dir - straight line, f - Natasha
Aim: Natasha (severely wounded)
You throw a stone. The stone closely misses Natasha.
The stone hits the crimson imp.
The crimson imp is lightly wounded.
The crimson imp puffs mist at you. Natasha casts a spell at you.
You resist with some effort.
b - a +0 blowgun (weapon)
Firing (i - inventory. (,) - cycle):
e - 8 poisoned needles (quivered)
Press: ? - help, Shift-Dir - straight line, f/p - Natasha
Aim: Natasha (severely wounded)
You shoot a poisoned needle. The poisoned needle hits Natasha.
Natasha is poisoned.
Natasha is severely wounded.
The crimson imp disappears in a puff of smoke!
Natasha casts a spell at you. The magic dart hits you!
Ouch! That really hurt!
You die...

########## ##########
######........##
#........#######†...#..........
##.##..................>........
##...##....##.........#.......#..
#.....##..§(h...@..##.........###
.......#.#.........##.........#
..._.....#...................##
......5###............######.####
#.....##.........................
##...##.######.....†..####''#####
.##(##..............###≈≈§..§≈≈##
..........).........##≈≈≈≈..≈≈≈≈#
...............######≈≈§§≈..§≈≈≈≈


You could see Natasha.

Vanquished Creatures
  An adder (D:2)
  An ooze (D:1)
  A dart slug (D:1)
  A leopard gecko (D:1)
  3 ball pythons
  A giant cockroach (D:2)
  3 hobgoblins (D:1)
  2 jackals (D:1)
  3 bats (D:1)
  A frilled lizard (D:1)
  9 goblins
  6 kobolds
  3 rats
35 creatures vanquished.

Notes
Turn   | Place    | Note
-------+----------+-------------------------------------------
     0 | D:1      | riteheju the Spriggan Assassin began the quest for the Orb.
     0 | D:1      | Reached XP level 1. HP: 10/10 MP: 2/2
   133 | D:1      | Reached skill level 6 in Stealth
   158 | D:1      | Reached XP level 2. HP: 14/14 MP: 3/3
   720 | D:1      | Reached skill level 7 in Stealth
   728 | D:1      | Reached XP level 3. HP: 18/18 MP: 4/4
  1359 | D:2      | Noticed Robin
  1364 | D:2      | Noticed Natasha
  1579 | D:2      | Found a glowing silver altar of Zin.
  1624 | D:2      | Killed from afar by Natasha

Vault maps used:
D:1:      roderic_crop_circles_arrival_small, minivault_23
D:2:      kennysheep_big_flooded_room, lemuel_round_altar, st_stairs_13,
          uniq_crazy_yiuf_cottage, uniq_robin, uniq_terence, uniq_natasha

Skill      XL: |  1  2 |
---------------+-------+-----
Dodging        | 2 |  2.9
Stealth        | 6 7 |  7.3
Fighting       | |  1.5
Short Blades   | |  2.5
Throwing       | |  2.0

Action                   || total
-------------------------++-------
Melee: Dagger            ||   117
 Fire: Blowgun           ||     1
Throw: Stone             ||     2
 Stab: Sleeping          ||    12
Armor: Robe              ||    20
Dodge: Dodged            ||    93

Table legend:
 A = Spawn XP
 B = Non-spawn XP
 C = Spawn XP percentage of total XP
 D = Spawn monster count
 E = Non-spawn monster count
 F = Spawn count percentage of total count
 G = Total turns spent on level
                    A         B        C        D         E        F      G
               +---------+---------+-------+---------+---------+-------+---------
         Total |       0 |      77 |   0.0 |       0 |      35 |   0.0 |  1624
               +---------+---------+-------+---------+---------+-------+---------
           D:1 |       0 |      49 |   0.0 |       0 |      25 |   0.0 |  1371
           D:2 |       0 |      28 |   0.0 |       0 |      10 |   0.0 |   253
               +---------+---------+-------+---------+---------+-------+---------
